 Dungeon Crawl Stone Soup version 0.19.4 (webtiles) character file.

82 Naow the Firebug (level 4, -1/24 HPs)
             Began as a Deep Elf Fire Elementalist on Feb 5, 2017.
             Slain by Natasha (3 damage)
             ... on level 2 of the Dungeon.
             The game lasted 00:02:38 (2708 turns).

Naow the Firebug (Deep Elf Fire Elementalist)       Turns: 2708, Time: 00:02:39

Health: -1/24      AC:  2    Str:  5    XL:     4   Next: 21%
Magic:  5/12       EV: 13    Int: 21    God:
Gold:   122        SH:  0    Dex: 15    Spells: 2 memorised, 8 levels left

rFire  . . .     SeeInvis .     (no weapon)
rCold  . . .     Gourm    .     a - +0 robe
rNeg   . . .     Faith    .     (no shield)
rPois  .         Spirit   .     (no helmet)
rElec  .         Reflect  .     (no cloak)
rCorr  .         Harm     .     (no gloves)
MR     .....                    (no boots)
Stlth  ++........               (no amulet)
                                (no ring)
                                (no ring)

@: no status effects
A: no striking features
a: no special abilities


You were on level 2 of the Dungeon.
You were not hungry.

You visited 1 branch of the dungeon, and saw 3 of its levels.

You collected 122 gold pieces.

Inventory:

Armour
 a - a +0 robe (worn)
 d - a +0 pair of gloves
Scrolls
 e - 3 scrolls of random uselessness {unknown}
 g - 3 scrolls of remove curse {unknown}
 l - a scroll of teleportation {unknown}
 m - 2 scrolls of identify {unknown}
 q - a scroll of immolation {unknown}
Potions
 f - a potion of brilliance
 k - a potion of cancellation
 n - a potion of magic {unknown}
 o - a potion of degeneration {unknown}
Books
 b - a book of Flames

   Spells                             Type                      Level
   a - Flame Tongue                   Conjuration/Fire             1
   b - Throw Flame                    Conjuration/Fire             2
   c - Conjure Flame                  Conjuration/Fire             3
   d - Inner Flame                    Hexes/Fire                   3
   e - Sticky Flame                   Conjuration/Fire             4
   f - Fireball                       Conjuration/Fire             5
Comestibles
 c - 2 bread rations
 h - a beef jerky
 i - a meat ration
 j - a slice of pizza
 p - 4 chunks of flesh


   Skills:
 - Level 2.4 Dodging
 - Level 2.4 Stealth
 + Level 4.0 Spellcasting
 + Level 2.9 Conjurations
 + Level 4.1 Fire Magic


You had 8 spell levels left.
You knew the following spells:

 Your Spells              Type           Power        Failure   Level  Hunger
a - Flame Tongue          Conj/Fire      ###..        2%          1    None
b - Throw Flame           Conj/Fire      ###...       4%          2    #......


Dungeon Overview and Level Annotations

Branches:
Dungeon (3/15)

Altars:
Yredelemnul

Annotations:
D:2 1 runed door, Natasha


Message History

Natasha claws you.
* * * LOW HITPOINT WARNING * * *
Casting: Throw Flame
Confirm with . or Enter, or press ? or * to list all spells.
Aiming: Throw Flame
Press: ? - help, Shift-Dir - straight line, f/p - Natasha
Aim: Natasha (heavily wounded)
The puff of flame hits Natasha.
Natasha is heavily wounded.
Natasha mumbles some strange words.
It was a potion of brilliance.
You feel clever all of a sudden.
Natasha casts a spell.
The shadow imp barely misses you.
It was a potion of cancellation.
Your magical effects are unravelling.
You feel magically purged.
You feel a little less clever now. Natasha claws you.
You die...

####.....#.#### ##.# #.# #.
...#.###.#.# #.## #.# #.
._.#.+p#.#.# #..# #.# ##
...#.###.#.# ###.###.# #
####.....#.# #.......# #
###........# ##.#.##.# #
#.#........# #.#..#.# #
#........#.#######5##.#.# #
##'#######.....5@h.##.#.#########
#.##################............
##...............# ##...########
......##########.#####...#
......# #.#.....>.#######
......##########.#)##..........##
.................#.##....).......
####.###########.#.##).........##
####.#############.##..........#


You could see Natasha, a crimson imp and a shadow imp.

Vanquished Creatures
  2 adders
  An ooze (D:1)
  A worm (D:3)
  2 dart slugs
  4 leopard geckos
  2 ball pythons (D:2)
  3 bats (D:1)
  A giant cockroach (D:2)
  5 goblins
  9 hobgoblins
  7 jackals
  A frilled lizard (D:1)
  2 kobolds (D:1)
  A kobold skeleton (D:2)
  A kobold zombie (D:2)
  2 rats
44 creatures vanquished.

Notes
Turn   | Place    | Note
-------+----------+-------------------------------------------
     0 | D:1      | Naow the Deep Elf Fire Elementalist began the quest for the Orb.
     0 | D:1      | Reached XP level 1. HP: 10/10 MP: 6/6
   285 | D:1      | Reached XP level 2. HP: 14/15 MP: 4/8
   291 | D:1      | Learned a level 2 spell: Throw Flame
   866 | D:1      | Reached XP level 3. HP: 14/19 MP: 5/10
  1434 | D:2      | Found a runed door.
  1434 | D:2      | Found a basalt altar of Yredelemnul.
  1434 | D:2      | Noticed a human
  2303 | D:3      | Reached XP level 4. HP: 20/24 MP: 4/11
  2482 | D:3      | Noticed Natasha
  2708 | D:2      | Slain by Natasha

Skill      XL: |  1  2  3  4 |
---------------+-------------+-----
Conjurations   | 2 |  2.9
Fire Magic     | 4 |  4.1
Spellcasting   | 4 |  4.0
Dodging        | |  2.4
Stealth        | |  2.4

Action                   |  1- 3 |  4- 6 || total
-------------------------+-------+-------++-------
Melee: Unarmed           |     2 |       ||     2
 Cast: Flame Tongue      |    67 |    22 ||    89
       Throw Flame       |     1 |     5 ||     6
  Use: Potion            |       |     2 ||     2
  Eat: Chunk             |     4 |     1 ||     5
Armor: Robe              |     7 |     2 ||     9
Dodge: Dodged            |    20 |    13 ||    33
